 Dungeon Crawl Stone Soup version 0.29-a0-994-gc5c9f59d18 (webtiles) character file.

Game seed: 15891222415435885700

115470 frimble the Blocker (level 16, -5/127 HPs)
             Began as a Demonspawn Earth Elementalist on Aug 3, 2022.
             Was the Champion of Cheibriados.
             Killed by an exploding orc warrior (24 damage)
             ... ignited by their inner flame
             ... on level 2 of the Orcish Mines.
             The game lasted 00:41:53 (28078 turns).

frimble the Blocker (DsEE)                         Turns: 28078, Time: 00:41:53

Health: -5/127     AC:  9    Str: 25    XL:     16   Next: 18%
Magic:  0/32       EV: 25    Int: 34    God:    Cheibriados [******]
Gold:   2080       SH: 20    Dex: 39    Spells: 12/19 levels left

rFire   . . .      SeeInvis .   N - +8 Vampire's Tooth {vamp}
rCold   . . .      Faith    .   G - +2 kite shield
rNeg    . . .      Spirit   +   q - +0 troll leather armour
rPois   .          Reflect  .   J - +0 hat {Will+}
rElec   +          Harm     .   (no cloak)
rCorr   .          Rampage  .   e - +0 pair of gloves
Will    ++...                   i - +0 pair of boots
Stlth   +++++.....              m - amulet of guardian spirit
HPRegen 1.11/turn               T - +4 ring of slaying
MPRegen 0.23/turn               c - ring of Hoenk {rElec MP+9 Dex+6}

@: very slow
A: antennae 1, slimy green scales 2, demonic guardian 1, icemail 2, condensation
shield
a: Renounce Religion, Bend Time, Temporal Distortion, Slouch, Step From Time


You were on level 2 of the Orcish Mines.
You worshipped Cheibriados.
Cheibriados was exalted by your worship.
You visited 4 branches of the dungeon, and saw 23 of its levels.
You also visited: Bailey and Volcano.

You collected 4130 gold pieces.
You spent 2050 gold pieces at shops.

Inventory:

Hand Weapons
 k - a +5 rapier of electrocution
 N - the +8 Vampire's Tooth (weapon) {vamp}
   (You bought it in a shop on level 8 of the Dungeon)

   It occasionally heals its wielder for the full amount of damage dealt when it
   wounds a living foe.
Missiles
 B - 2 throwing nets
 I - 4 javelins
Armour
 e - a +0 pair of gloves (worn)
 i - a +0 pair of boots (worn)
 q - a +0 troll leather armour (worn)
 G - a +2 kite shield (worn)
 J - a +0 hat of willpower (worn)
Jewellery
 c - the ring of Hoenk (right hand) {rElec MP+9 Dex+6}
   (You found it on level 4 of the Lair of Beasts)

   [ring of magical power]

   Dex:       It affects your dexterity (+6).
   rElec:     It insulates you from electricity.
   MP:        It affects your magic capacity (+9).
 j - an amulet of magic regeneration
 m - an amulet of guardian spirit (around neck)
 u - a ring of protection from fire
 v - a ring of see invisible
 A - the ring of Ylidiracho {Wiz Contam rC+ Stlth+}
   (You found it on level 1 of the Lair of Beasts)

   [ring of wizardry]

   It improves your spell success rate.
   rC:        It protects you from cold.
   Contam:    It causes magical contamination when unequipped.
   Stlth:     It makes you more stealthy.
 R - a +6 ring of strength
 T - a +4 ring of slaying (left hand)
Wands
 f - a wand of quicksilver (6)
 z - a wand of digging (12)
 D - a wand of flame (3)
 F - a wand of roots (6)
 M - a wand of paralysis (3)
 S - a wand of mindburst (2)
Scrolls
 g - 13 scrolls of teleportation
 n - 2 scrolls of amnesia
 o - a scroll of magic mapping
 p - 2 scrolls of fear
 r - 4 scrolls of blinking
 y - a scroll of vulnerability
 H - a scroll of immolation
 P - 2 scrolls of butterflies
 Q - 3 scrolls of identify
 U - a scroll of enchant weapon
Potions
 a - 4 potions of mutation
 b - 4 potions of resistance
 d - 3 potions of brilliance
 h - a potion of might
 l - 3 potions of berserk rage
 s - 5 potions of lignification
 t - 5 potions of curing
 w - 2 potions of ambrosia
 x - 5 potions of attraction
 C - 2 potions of invisibility
 E - a potion of cancellation
 K - 4 potions of flight
 L - 2 potions of heal wounds
 O - 2 potions of magic


   Skills:
 - Level 12.2 Fighting
 - Level 10.3(10.5) Short Blades
 - Level 2.5(7.1) Long Blades
 - Level 10.0 Dodging
 - Level 8.9 Stealth
 + Level 14.4 Shields
 - Level 2.0 Spellcasting
 - Level 4.0 Translocations
 - Level 0.8 Transmutations
 - Level 7.4 Ice Magic
 - Level 2.6 Earth Magic
 - Level 10.5 Invocations
 - Level 6.0 Evocations


You had 12 spell levels left.
You knew the following spells:

 Your Spells              Type           Power      Damage    Failure   Level
a - Blink                 Tloc           60%        N/A       3%          2
b - Ozocubu's Armour      Ice            52%        N/A       1%          3
c - Passwall              Tmut/Erth      12%        N/A       9%          2

Your spell library contained the following spells:

 Spells                   Type           Power      Damage    Failure   Level
 Sandblast                Erth           42%        2d11      4%          1
 Gell's Gravitas          Tloc           30%        N/A       7%          3
 Lesser Beckoning         Tloc           30%        N/A       7%          3
 Teleport Other           Tloc           30%        N/A       7%          3
 Magic Dart               Conj           12%        1d3       12%         1
 Call Imp                 Summ           3%         N/A       19%         2
 Poisonous Vapours        Pois/Air       6%         N/A       19%         2
 Static Discharge         Conj/Air       3%         3-4/arc   19%         2
 Stone Arrow              Conj/Erth      24%        3d8       22%         3
 Passage of Golubria      Tloc           30%        N/A       24%         4
 Ignite Poison            Fire/Tmut/Pois 5%         N/A       32%         3
 Confusing Touch          Hex            3%         N/A       36%         3
 Mephitic Cloud           Conj/Pois/Air  3%         N/A       36%         3
 Summon Guardian Golem    Hex/Summ       3%         N/A       36%         3
 Tukima's Dance           Hex            3%         N/A       36%         3
 Petrify                  Tmut/Erth      15%        N/A       52%         4
 Manifold Assault         Tloc           30%        N/A       54%         5
 Lee's Rapid Deconstruct  Erth           10%        3d9*      75%         5
 Airstrike                Air            1%         2d(1-17)  77%         4
 Animate Dead             Necr           3%         N/A       77%         4
 Corpse Rot               Necr/Pois/Air  3%         N/A       77%         4
 Dispel Undead            Necr           3%         3d7       77%         4
 Flame Wave               Conj/Fire      3%         2d5       77%         4
 Sticky Flame             Conj/Fire      3%         2d3       77%         4
 Summon Lightning Spire   Summ/Air       3%         N/A       77%         4
 Freezing Cloud           Conj/Ice/Air   10%        6-21      77%         5
 Borgnjor's Vile Clutch   Necr/Erth      6%         N/A       89%         5
 Yara's Violent Unravell  Hex/Tmut       3%         3d4       96%         5
 Iskenderun's Battlesphe  Conj           3%         2d6       98%         5
 Lightning Bolt           Conj/Air       1%         1d12      98%         5
 Silence                  Hex/Air        1%         N/A       98%         5
 Ozocubu's Refrigeration  Ice            26%        4d13      99%         7
 Conjure Ball Lightning   Conj/Air       1%         3x3d6     100%        6
 Dragon Form              Tmut           4%         N/A       100%        7
 Enfeeble                 Hex            1%         N/A       100%        7
 Monstrous Menagerie      Summ           1%         N/A       100%        7
 Spellforged Servitor     Conj/Summ      1%         N/A       100%        7
 Discord                  Hex            1%         N/A       100%        8
 Disjunction              Tloc           15%        N/A       100%        8
 Infestation              Necr           1%         N/A       100%        8
 Lehudib's Crystal Spear  Conj/Erth      6%         10d3      100%        8
 Fire Storm               Conj/Fire      1%         8d1       100%        9


Dungeon Overview and Level Annotations

Branches:
Dungeon (15/15)            Temple (1/1) D:4            Lair (5/5) D:8
  Swamp (0/4) Lair:2       Spider (0/4) Lair:3        Slime (0/5) Lair:5
    Orc (2/2) D:11            Elf (0/3) Orc:2        Vaults (0/5) D:14
 Depths (0/4) D:15         Bailey (visited)         Volcano (visited)

Altars:
Cheibriados
Fedhas
Gozag
Kikubaaqudgha
Makhleb
Nemelex Xobeh
Qazlal
Sif Muna
Xom
Jiyva

Shops:
D:7 [   D:8 (   D:9 !   D:10 =   D:12 ?   D:15 (

Portals:
Abyss: D:4
Trove: D:13 (give +5 ice dragon scales)

Annotations:
D:2 Sigmund
D:4 2 transporters, 1 runed translucent door, Crazy Yiuf; Encipher's ghost, amateur MfSu
Lair:3 exclusion: oklob plant
Lair:5 3 runed translucent doors, Tollund's ghost, journeyman BaIE


Innate Abilities, Weirdness & Mutations

You have a pair of small antennae on your head.
You are mostly covered in slimy green scales. (AC +3)
A weak demonic guardian rushes to your aid.
A meltable icy envelope protects you from harm. (AC +0)
A meltable shield of frost defends you. (SH +0)


Message History

The fiery explosion engulfs the orc sorcerer!!
Cheibriados appreciates the change of pace.
The fiery explosion engulfs the orc knight!!
Flame seeps out of the orc knight.
The orc knight is severely wounded.
The fiery explosion engulfs the orc priest!
Cheibriados thoroughly appreciates the change of pace.
The fiery explosion engulfs the orc wizard!!
Cheibriados appreciates the change of pace.
The orc wizard explodes!
The fiery explosion engulfs the orc knight!!
Cheibriados thoroughly appreciates the change of pace.
The fiery explosion engulfs the orc priest!!
Cheibriados thoroughly appreciates the change of pace.
The orc priest explodes!
The fiery explosion engulfs the orc priest!!!
Cheibriados thoroughly appreciates the change of pace.
The fiery explosion engulfs the orc priest!!
Cheibriados thoroughly appreciates the change of pace.
The orc priest explodes! x2
The fiery explosion engulfs the orc priest!!!
Cheibriados appreciates the change of pace. x2
You feel a bit more experienced.
The orc priest explodes!
The fiery explosion engulfs the orc warrior!!
Flame seeps out of the orc warrior.
The orc warrior is severely wounded.
The orc knight explodes!
The fiery explosion engulfs the orc warrior!
Cheibriados thoroughly appreciates the change of pace.
The orc warrior explodes!
The fiery explosion engulfs the orc priest!
Cheibriados thoroughly appreciates the change of pace.
The orc priest explodes! x2; The orc sorcerer explodes!
The orc warrior explodes!
The fiery explosion engulfs you!
* * * LOW HITPOINT WARNING * * *
The orc warrior explodes!
The fiery explosion engulfs you!!
You die...

#...§§§§§.# #..)§§§§§.
#..§§§§§§§ ...§§§§§ ###§§§§§###
#...§§§§§. #.§§§§# #####.§§@§##
####.##...4)).##### #
##.#.####...))###..## #
#.......####.)))....## ###
##.......####))).....##
#.###....)..##.#..........#
.###...........<..<......##
.#.#.)..)......##........####
....)).).......#............####


You could see a friendly ice devil (summoned, inner flame).

Vanquished Creatures
  Rupert (D:12)
  Agnes (D:15)
  Gastronok (Lair:2)
  A tengu reaver (D:11)
  An orc warlord (Orc:2)
  A juggernaut zombie (D:15)
  Nessos (D:13)
  A red draconian (Volcano)
  2 fire dragons
  Josephine (D:10)
  8 vault guards (D:14)
  5 boulder beetles
  7 hydras
  6 centaur warriors
  Erica (D:10)
  2 ogre magi
  3 catoblepae
  9 two-headed ogres
  3 death yaks (Lair:5)
  2 tengu warriors
  Urug (Lair:1)
  2 orc high priests (Orc:2)
  Nergalle (Lair:1)
  A storm dragon zombie (D:15)
  Amaemon (Lair:1)
  5 skeletal warriors
  A wizard (D:15)
  A swamp dragon (Lair:5)
  A tengu zombie (D:15)
  A necromancer (D:15)
  6 deep elf pyromancers
  3 lindwurms
  A phantasmal warrior (D:15)
  7 orc knights
  6 orc sorcerers
  4 ugly things
  3 cyclopes (D:15)
  A stone giant zombie (D:15)
  2 wolf spiders
  3 manticores
  Joseph (D:8)
  16 elephants
  8 black mambas
  17 cane toads
  4 unseen horrors
  An orange demon (Lair:1)
  An efreet (D:14)
  5 yaktaurs (Volcano)
  9 komodo dragons
  15 rime drakes
  8 kobold demonologists
  A freezing wraith (D:13)
  5 tengu conjurers
  2 polar bears
  3 trolls
  A tarantella (shapeshifter) (D:15)
  A hornet (D:9)
  6 blink frogs (Lair:5)
  14 slime creatures
  Prince Ribbit (D:7)
  3 dream sheep (Lair:5)
  A jumping spider (Lair:3)
  A vampire (D:13)
  6 wraiths
  2 water elementals (D:15)
  5 spriggans (Bailey)
  48 yaks
  3 basilisks (Lair:5)
  2 vampire mosquitoes (D:12)
  4 steam dragons
  5 redbacks (Lair:3)
  Grum (D:11)
  2 wargs (Orc:1)
  13 water moccasins
  2 acid dragons
  24 orc warriors
  An ice beast (D:8)
  2 sky beasts
  A black bear (D:7)
  A swamp drake (Lair:5)
  10 centaurs
  7 ogres
  4 boggarts (D:15)
  22 wolves
  A phantom (D:6)
  Blork the orc (D:5)
  8 kobold brigands
  2 necrophages (D:6)
  4 gnoll sergeants
  10 bullfrogs
  4 scorpions
  5 wights (D:10)
  4 howler monkeys
  9 electric eels
  3 lava snakes (Lair:3)
  7 hounds
  2 gnoll boudas
  20 orc priests
  2 jellies
  5 iguanas
  19 orc wizards
  25 gnolls
  6 adders
  2 shadow imps
  3 worms
  A dart slug (D:4)
  52 orcs
  4 endoplasms
  3 giant cockroaches
  6 goblins
  6 hobgoblins
  4 jackals (D:1)
  11 kobolds
  2 quokkas
  9 ball pythons
  2 bats
  6 frilled lizards
  4 rats (D:1)
  A butterfly (Lair:3)
650 creatures vanquished.

Vanquished Creatures (collateral kills)
  An orc sorcerer (D:11)
  5 elephants
  A cane toad (Lair:3)
  A tengu conjurer (D:11)
  A yak (Lair:3)
  A basilisk (Lair:5)
  An orc priest (Orc:2)
  An iguana (Lair:5)
  An orc wizard (Orc:2)
  2 orcs (Orc:2)
15 creatures vanquished.

Vanquished Creatures (others)
  A deep elf death mage (D:11)
  A wizard (D:11)
  A deep elf pyromancer (D:13)
  A boggart (D:15)
  An iguana (Lair:5)
  30 fungi
  69 plants
  3 withered plants (D:15)
107 creatures vanquished.

Grand Total: 772 creatures vanquished

Notes
Turn   | Place    | Note
-------+----------+-------------------------------------------
     0 | D:1      | frimble the Demonspawn Earth Elementalist began the quest
                  | for the Orb.
     0 | D:1      | Reached XP level 1. HP: 13/13 MP: 3/3
   122 | D:1      | Reached skill level 1 in Short Blades
   140 | D:1      | Gained mutation: A meltable shield of frost defends you.
                  | (SH +0) [demonic ancestry]
   140 | D:1      | Reached XP level 2. HP: 5/19 MP: 5/5
  1170 | D:1      | Reached XP level 3. HP: 24/24 MP: 6/6
  1702 | D:2      | Noticed Sigmund
  2192 | D:3      | Found a stormy altar of Qazlal.
  2192 | D:3      | Noticed an earth elemental
  2194 | D:3      | Noticed a water elemental
  2194 | D:3      | Noticed a fire elemental
  2194 | D:3      | Noticed an air elemental
  2303 | D:3      | Reached skill level 1 in Fighting
  2303 | D:3      | Gained mutation: A meltable icy envelope protects you from
                  | harm. (AC +0) [demonic ancestry]
  2303 | D:3      | Reached XP level 4. HP: 28/32 MP: 7/7
  2454 | D:3      | Found a shimmering altar of Xom.
  2660 | D:4      | Noticed a kobold brigand
  2704 | D:4      | Noticed a scorpion
  3128 | D:4      | Killed a scorpion
  3129 | D:4      | Reached XP level 5. HP: 30/39 MP: 8/8
  3252 | D:4      | Found a staircase to the Ecumenical Temple.
  3270 | Temple   | Entered the Ecumenical Temple
  3287 | Temple   | Became a worshipper of Cheibriados the Contemplative
  3649 | D:4      | Noticed Encipher's ghost (amateur MfSu)
  3650 | D:4      | Found a one-way gate to the infinite horrors of the Abyss.
  3657 | D:4      | Found a transporter.
  3768 | D:4      | Found a runed translucent door.
  3769 | D:4      | Noticed Crazy Yiuf
  3813 | D:4      | Found a transporter.
  3980 | D:5      | Entered Level 5 of the Dungeon
  4274 | D:5      | Reached XP level 6. HP: 37/47 MP: 9/9
  4353 | D:5      | Noticed Blork the orc
  4369 | D:5      | Killed Blork the orc
  4375 | D:5      | Learned a level 3 spell: Ozocubu's Armour
  4816 | D:5      | Reached skill level 1 in Ice Magic
  4847 | D:5      | Reached * piety under Cheibriados
  4848 | D:5      | Reached skill level 5 in Short Blades
  4848 | D:5      | Gained mutation: A meltable icy envelope protects you from
                  | harm. (AC +0) [demonic ancestry]
  4848 | D:5      | Reached XP level 7. HP: 23/52 MP: 10/10
  5519 | D:6      | Reached skill level 1 in Invocations
  5846 | D:6      | Gained mutation: You are partially covered in slimy green
                  | scales. (AC +2) [demonic ancestry]
  5846 | D:6      | Reached XP level 8. HP: 13/58 MP: 11/11
  5848 | D:6      | HP: 2/58 [poisoned by a scorpion]
  6377 | D:6      | Found an opulent altar of Gozag.
  6778 | D:7      | Reached ** piety under Cheibriados
  6864 | D:7      | Found Nudel's Armour Boutique.
  7162 | D:7      | Noticed Prince Ribbit
  7171 | D:7      | Killed Prince Ribbit
  7386 | D:7      | Reached skill level 5 in Invocations
  7645 | D:8      | Found a flagged portal.
  7701 | D:8      | Noticed a troll
  7711 | Bailey   | Entered a bailey
  7875 | Bailey   | Gained mutation: You are mostly covered in slimy green
                  | scales. (AC +3) [demonic ancestry]
  7875 | Bailey   | Reached XP level 9. HP: 18/64 MP: 9/12
  7887 | Bailey   | Reached skill level 5 in Ice Magic
  8218 | Bailey   | Noticed a two-headed ogre
  8381 | Bailey   | Killed a two-headed ogre
  8382 | Bailey   | Reached skill level 5 in Fighting
  8854 | D:8      | Noticed Joseph
  8876 | D:8      | Killed Joseph
  8877 | D:8      | Reached XP level 10. HP: 40/76 MP: 4/13
  9086 | D:8      | Reached *** piety under Cheibriados
  9464 | D:9      | Found Kecwot's Distillery.
  9468 | D:9      | Got Cuestuac's Essays on Unholy Rites
  9476 | D:9      | Bought 2 potions of attraction for 90 gold pieces
  9510 | D:9      | Noticed a two-headed ogre
  9754 | D:8      | Found a staircase to the Lair.
  9868 | D:9      | Killed a two-headed ogre
 10091 | D:9      | Paralysed by a hornet for 1 turns
 10101 | D:9      | You fall into a shaft and drop 3 floors!
 10845 | D:12     | Noticed a manticore
 10851 | D:12     | Killed a manticore
 11019 | D:12     | Noticed a white ugly thing
 11032 | D:12     | Killed a white ugly thing
 11058 | D:12     | Noticed Rupert
 11118 | D:12     | Found Ihywkiw's Magic Scroll Shoppe.
 11123 | D:12     | Bought a scroll of magic mapping for 120 gold pieces
 11196 | D:12     | Gained mutation: You have a pair of small antennae on your
                  | head. [demonic ancestry]
 11196 | D:12     | Reached XP level 11. HP: 59/86 MP: 6/14
 11520 | D:11     | Reached **** piety under Cheibriados
 11589 | D:10     | Entered Level 10 of the Dungeon
 11630 | D:10     | Noticed a two-headed ogre
 11686 | D:10     | Killed a two-headed ogre
 11687 | D:10     | Reached skill level 5 in Dodging
 11888 | D:10     | Noticed Josephine
 11895 | D:10     | Killed Josephine
 11896 | D:10     | Reached skill level 10 in Short Blades
 12517 | D:10     | Noticed Erica
 12522 | D:10     | Killed Erica
 12549 | D:10     | Reached skill level 1 in Long Blades
 12738 | D:10     | Found Puaz's Jewellery Shop.
 12904 | D:9      | Found a burning altar of Makhleb.
 12944 | D:9      | Noticed a two-headed ogre
 12958 | D:9      | Killed a two-headed ogre
 12959 | D:9      | Reached skill level 1 in Evocations
 13907 | D:8      | Noticed a two-headed ogre
 13920 | D:8      | Killed a two-headed ogre
 14039 | D:8      | Found Ighiff's Weapon Shoppe.
 14489 | D:11     | Found a staircase to the Orcish Mines.
 14517 | D:11     | Reached XP level 12. HP: 54/97 MP: 4/16
 14678 | Orc:1    | Entered Level 1 of the Orcish Mines
 14737 | D:11     | Reached ***** piety under Cheibriados
 14747 | D:11     | Reached skill level 10 in Fighting
 14757 | D:11     | Identified the +4 chain mail "Ytzauvush" {rF++}
 14833 | D:11     | Noticed Grum
 14835 | D:11     | Noticed an ogre mage
 14851 | D:11     | Killed an ogre mage
 14875 | D:11     | Killed Grum
 15131 | D:11     | Reached skill level 5 in Evocations
 15330 | Lair:1   | Entered Level 1 of the Lair of Beasts
 15369 | Lair:1   | Reached skill level 1 in Shields
 15409 | Lair:1   | Noticed Nergalle
 15428 | Lair:1   | Killed Nergalle
 15435 | Lair:1   | Identified the ring of Ylidiracho {Wiz Contam rC+ Stlth+}
 15567 | Lair:1   | Reached skill level 5 in Stealth
 15604 | Lair:1   | Reached skill level 2 in Shields
 15745 | Lair:1   | Noticed Urug
 15765 | Lair:1   | Killed Urug
 15766 | Lair:1   | Reached skill level 3 in Shields
 16121 | Lair:1   | Noticed Amaemon
 16270 | Lair:2   | Noticed Gastronok
 16287 | Lair:2   | Reached skill level 4 in Shields
 16326 | Lair:2   | Noticed a catoblepas
 16344 | Lair:2   | Killed a catoblepas
 16435 | Lair:2   | Found a staircase to the Swamp.
 16498 | Lair:2   | Gained mutation: A weak demonic guardian rushes to your
                  | aid. [demonic ancestry]
 16498 | Lair:2   | Reached XP level 13. HP: 82/106 MP: 13/18
 16610 | Lair:2   | Killed Gastronok
 17091 | Lair:2   | Reached skill level 5 in Shields
 17655 | Lair:3   | Reached skill level 6 in Shields
 17850 | Lair:3   | Found a runed translucent door.
 17884 | Lair:3   | Reached skill level 10 in Invocations
 17958 | Lair:3   | Found a hole to the Spider Nest.
 18182 | Lair:3   | Found a blossoming altar of Fedhas.
 18382 | Lair:3   | Found a runed translucent gate.
 18383 | Lair:3   | Found a runed translucent gate.
 18385 | Lair:3   | Found a runed translucent gate.
 18385 | Lair:3   | Found a runed translucent gate.
 18385 | Lair:3   | Found a runed translucent gate.
 18386 | Lair:3   | Found a runed translucent gate.
 18646 | Lair:4   | Found a dark tunnel.
 18653 | Lair:4   | Learned a level 2 spell: Blink
 18661 | Volcano  | Entered a volcano
 18680 | Volcano  | Found a burning altar of Makhleb.
 18682 | Volcano  | Noticed a red draconian
 18696 | Volcano  | Killed a red draconian
 18697 | Volcano  | Reached skill level 1 in Translocations
 18709 | Volcano  | Reached skill level 7 in Shields
 19127 | Lair:4   | Identified the ring of Hoenk {rElec MP+9 Dex+6}
 19328 | Lair:4   | Reached XP level 14. HP: 34/115 MP: 2/21
 20141 | D:8      | Bought the +8 Vampire's Tooth {vamp} for 840 gold pieces
 20141 | D:8      | Found the +8 Vampire's Tooth {vamp}
 20254 | Lair:1   | Killed Amaemon
 20516 | Lair:5   | Entered Level 5 of the Lair of Beasts
 20594 | Lair:5   | Found a staircase to the Slime Pits.
 20621 | Lair:5   | Reached skill level 8 in Shields
 21295 | Lair:5   | Reached skill level 9 in Shields
 21607 | Lair:5   | Found a runed translucent gate.
 21607 | Lair:5   | Found a runed translucent gate.
 21607 | Lair:5   | Found a runed translucent gate.
 21608 | Lair:5   | Noticed an azure jelly
 21608 | Lair:5   | Noticed an acid blob
 21608 | Lair:5   | Noticed an azure jelly
 21608 | Lair:5   | Noticed a quicksilver ooze
 21608 | Lair:5   | Noticed an azure jelly
 21609 | Lair:5   | Noticed Tollund's ghost (journeyman BaIE)
 21609 | Lair:5   | Noticed an azure jelly
 21609 | Lair:5   | Noticed an acid blob
 21610 | Lair:5   | Found a viscous altar of Jiyva.
 21610 | Lair:5   | Noticed an azure jelly
 21610 | Lair:5   | Noticed an azure jelly
 21969 | Lair:5   | Reached ****** piety under Cheibriados
 22037 | Lair:5   | Reached skill level 10 in Shields
 22240 | Lair:5   | Identified the ring "Zaphebo" {rN+ rCorr MP+9 Dex+5 Slay-4}
 22243 | Lair:5   | Identified the +3 sling of Myocarr {vorpal, Dex+3}
 23072 | D:11     | Got the Secrets of Coarse Transfiguration
 23086 | D:11     | Got the Omnibus of Hyperbolic Creation
 23104 | D:11     | Got the Disquisition on the Welkin and the Flock
 23116 | D:11     | Found a shimmering blue altar of Sif Muna.
 23303 | D:11     | Noticed a tengu reaver
 23349 | D:11     | Killed a tengu reaver
 23350 | D:11     | Reached XP level 15. HP: 90/121 MP: 9/22
 23452 | D:11     | Got Dispater's Cyclopedia of Striking
 23492 | D:11     | Identified the ring "Xeddec" {+Blink rF- Will+ Str+2 Dex+6}
 23625 | D:12     | Reached skill level 11 in Shields
 24041 | D:12     | Learned a level 2 spell: Passwall
 24049 | D:12     | Killed Rupert
 24103 | D:13     | Found a portal to a secret trove of treasure.
 24202 | D:13     | Reached skill level 10 in Dodging
 24318 | D:13     | Noticed Nessos
 24384 | D:13     | Killed Nessos
 24614 | D:13     | Reached skill level 12 in Shields
 24880 | D:14     | Found a gate to the Vaults.
 25376 | D:14     | Found an ancient bone altar of Kikubaaqudgha.
 25657 | D:14     | Reached skill level 13 in Shields
 25984 | D:15     | Entered Level 15 of the Dungeon
 26051 | D:15     | Found a staircase to the Depths.
 26746 | D:15     | Noticed Agnes
 26786 | D:15     | Killed Agnes
 26864 | D:15     | Reached XP level 16. HP: 127/127 MP: 23/23
 26868 | D:15     | Found Kuppat's Weapon Shoppe.
 27188 | D:12     | Bought a scroll of teleportation for 48 gold pieces
 27188 | D:12     | Bought a scroll of enchant weapon for 120 gold pieces
 27188 | D:12     | Bought a scroll of acquirement for 832 gold pieces
 27188 | D:12     | Acquired 1106 gold pieces
 27497 | Orc:2    | Entered Level 2 of the Orcish Mines
 27638 | Orc:2    | Found a staircase to the Elven Halls.
 27648 | Orc:2    | Reached skill level 14 in Shields
 28078 | Orc:2    | Killed by an exploding orc warrior... ignited by their
                  | inner flame

Illustrated notes

Levels and vault maps discovered:
D:1:      dpeg_arrival_oval, layout_loops_ring, minmay_misc_feat_cross,
          corexii_hall_statues_u, kennysheep_another_room, minmay_hedge_maze,
          minmay_tetromino_l2
D:2:      layout_loops_ring, kennysheep_potato, uniq_sigmund
D:3:      layout_rooms, nicolae_qazlal_style_of_elements,
          mainiacjoe_overflow_catwalk, interstate_on_off
D:4:      layout_cave_pools, minmay_temple_entry_sparse_star,
          gammafunk_ghost_abyssal_escape, st_stairs_8,
          kennysheep_big_empty_room, uniq_crazy_yiuf_cottage
D:5:      layout_gridville, minmay_misc_feat_doors, uniq_blork_the_orc
D:6:      layout_basic, nicolae_gozag_seed_capital
D:7:      layout_basic, serial_shops, nicolae_shop_trees, uniq_prince_ribbit1
D:8:      layout_cave_pods, erik_lair_island, enter_bailey_8, serial_shops,
          nicolae_shop_window_shopping, chequers_serial_rivers_micro_e,
          uniq_joseph
D:9:      layout_long_grid, lemuel_coloured_pillars_altar, serial_shops,
          nicolae_lakefront_shop
D:10:     layout_cave_pods, serial_shops, shop, grunt_decor_mini_mirrors,
          uniq_erica, uniq_josephine
D:11:     evilmike_library_of_no_secrets, layout_rooms,
          kennysheep_orc_monster_closet_entryway, uniq_grum
D:12:     layout_loops_ring, serial_shops, kennysheep_little_box,
          minmay_parallelograms, uniq_rupert
D:13:     layout_roguey, enter_trove_3, uniq_nessos
D:14:     layout_basic, erik_vaults_2, nicolae_kikubaaqudgha_miasma_corner
D:15:     gammafunk_depths_entry_grave, layout_rooms,
          chequers_serial_rivers_micro_e, serial_shops, shop, serial_bayou,
          serial_bayou_pond_e, serial_bayou_ford_a, serial_bayou_shore_a,
          serial_bayou_pond_b, uniq_agnes
Temple:   nicolae_temple_bog_church
Lair:1:   layout_gridlike, grunt_megastairs_3, uniq_nergalle, uniq_amaemon,
          uniq_urug
Lair:2:   layout_cave_pods, swamp_mist, lemuel_fruit_fields,
          infiniplex_staircase_pool, serial_bayou_shore_b, serial_bayou_shore_b,
          uniq_gastronok
Lair:3:   gammafunk_indiana_jones, layout_chaotic_city, spider_nest_entry_webs,
          tgw_fedhas
Lair:4:   layout_cave_pods, enter_volcano_2, minivault_19, grunt_megastairs_4
Lair:5:   guppyfry_lair_end_dragon, layout_concentric_octagons,
          hangedman_lair_in_review, slime_entry_1, gammafunk_ghost_ooze,
          minmay_lair_drake_nest
Orc:1:    layout_caves, nicolae_specific_store, uniq_maurice
Orc:2:    st_orc_congregation, layout_diamond_mine, basic_altar, mines2_lemuel

Skill      XL: |  1  2  3  4  5  6  7  8  9 10 11 12 13 14 15 16 |
---------------+-------------------------------------------------+-----
Short Blades   | 1 2 3 4 5 6 8 9 10 | 10.3
Fighting       | 1 2 3 5 7 9 11 12 | 12.2
Dodging        | 2 3 4 5 9 10 | 10.0
Ice Magic      | 1 3 4 6 7 |  7.4
Stealth        | 2 4 6 8 |  8.9
Invocations    | 2 5 6 7 10 | 10.5
Long Blades    | 2 |  2.5
Evocations     | 3 6 |  6.0
Shields        | 4 7 10 13 14 | 14.4
Translocations | 3 4 |  4.0
Spellcasting   | |  2.0
Transmutations | |  0.8
Earth Magic    | |  2.6

Action                   |  1- 3 |  4- 6 |  7- 9 | 10-12 | 13-15 | 16-18 || total
-------------------------+-------+-------+-------+-------+-------+-------++-------
Melee: Rapier            |   147 |   157 |   371 |   699 |   359 |       ||  1733
       Punch             |     2 |     2 |     4 |     6 |    19 |       ||    33
       Short sword       |       |    19 |       |       |       |       ||    19
       Quick blade       |       |       |       |       |  1821 |   246 ||  2067
 Cast: Ozocubu's Armour  |       |       |     5 |    13 |    10 |     4 ||    32
       Blink             |       |       |       |       |     5 |       ||     5
       Passwall          |       |       |       |       |     1 |       ||     1
Invok: Bend Time         |       |       |     3 |     2 |       |       ||     5
       Slouch            |       |       |       |     4 |    11 |     3 ||    18
Evoke: Wand              |       |       |       |    13 |    10 |       ||    23
  Use: Scroll            |     2 |     8 |    10 |     9 |     8 |     2 ||    39
       Potion            |       |     1 |     6 |     1 |     5 |       ||    13
 Stab: Sleeping          |     1 |     1 |       |     8 |    19 |     3 ||    32
       Distracted        |       |       |       |     1 |     4 |     1 ||     6
       Confused          |       |       |       |       |     1 |       ||     1
       Petrified         |       |       |       |       |     5 |       ||     5
Armor: Ring mail         |    61 |    84 |   158 |   232 |       |       ||   535
       Robe              |     1 |       |       |       |       |       ||     1
       Troll leather arm |       |       |       |   124 |   393 |    24 ||   541
Dodge: Dodged            |    76 |    77 |   177 |   532 |  1068 |   116 ||  2046
Block: Other             |    22 |    25 |    50 |   133 |    94 |       ||   324
       Kite shield       |       |       |       |       |   659 |   227 ||   886
       Buckler           |       |       |       |       |   124 |       ||   124

Table legend: (Time is in decaauts)
 A = Elapsed time spent in this place.
 B = Non-inter-level travel time spent in this place.
 C = Inter-level travel time spent in this place.
 D = Time resting spent in this place.
 E = Time spent auto-exploring this place.
 F = Levels seen in this place.
 G = Mean time per level.
                   A        B        C        D        E       F      G
               +--------+--------+--------+--------+--------+-----+--------+
         Total |  36972 |  34289 |   2683 |   1267 |  27004 |  25 | 1478.9 |
       Dungeon |  23973 |  22143 |   1830 |   1076 |  17596 |  15 | 1598.2 |
        Temple |     27 |     18 |      9 |      0 |     12 |   1 |   27.0 |
          Lair |  10532 |   9707 |    825 |     60 |   7815 |   5 | 2106.4 |
  Orcish Mines |   1149 |   1132 |     17 |      0 |    894 |   2 |  574.5 |
        Bailey |   1013 |   1013 |      0 |     75 |    632 |   1 | 1013.0 |
       Volcano |    276 |    276 |      0 |     56 |     53 |   1 |  276.0 |
               +--------+--------+--------+--------+--------+-----+--------+

Top non-repeatable levels by time:
  Lair:5: 2742 daAuts
     D:8: 2703 daAuts
    D:12: 2559 daAuts
    D:11: 2122 daAuts
  Lair:4: 2053 daAuts
  Lair:2: 2011 daAuts
    D:10: 1985 daAuts
  Lair:3: 1910 daAuts
    D:14: 1873 daAuts
  Lair:1: 1814 daAuts
     D:9: 1791 daAuts
     D:5: 1640 daAuts
     D:6: 1594 daAuts
    D:15: 1506 daAuts
     D:1: 1386 daAuts
